 Dungeon Crawl Stone Soup version 0.29-a0-321-gf1c400731a (webtiles) character file.

Game seed: 11158151098817906275

2060 experimilk the Frost Mage (level 9, 0/67 (69) HPs)
             Began as a Red Draconian Ice Elementalist on Apr 3, 2022.
             Was a Priest of Ru.
             Slain by an orc warrior
             ... wielding a +0 short sword
              (11 damage)
             ... on level 7 of the Dungeon.
             The game lasted 00:41:32 (11972 turns).

experimilk the Frost Mage (DrIE)                   Turns: 11972, Time: 00:41:33

HP:   0/67 (69)     AC:  7    Str: 11    XL:     9   Next: 5%
MP:   10/13         EV: 13    Int: 19    God:    Ru [***...]
Gold: 406           SH:  0    Dex: 18    Spells: 3/14 levels left

rFire   + + .      SeeInvis .   q - +3 trident
rCold   . . .      Faith    .   n - orb {light}
rNeg    . . .      Spirit   .   (body armour unavailable)
rPois   .          Reflect  .   (helmet restricted)
rElec   .          Harm     .   (no cloak)
rCorr   .          Rampage  .   (no gloves)
Will    .....                   (no boots)
Stlth   +.........              z - amulet of magic regeneration
HPRegen 0.21/turn               f - ring of protection from fire
MPRegen 0.53/turn               B - +6 ring of dexterity

@: freezing walls, glowing, lightly drained
A: breathe fire, AC +7, unfitting armour, fire resistance 1, cold-blooded,
inability to use devices, unskilled 1
a: Breathe Fire, Renounce Religion, Draw Out Power


You were on level 7 of the Dungeon.
You worshipped Ru.
Ru was most pleased with you.
You visited 1 branch of the dungeon, and saw 8 of its levels.

You collected 421 gold pieces.
You spent 15 gold pieces at shops.

Inventory:

Hand Weapons
 b - a +0 dagger
 o - a +0 spear
 q - a +3 trident (weapon)
 y - the +8 dagger "Deffisitru" {elec, +Blink rElec}
   (You found it on level 4 of the Dungeon)

   It occasionally discharges a powerful burst of electricity upon striking a
   foe.
   rElec:     It insulates you from electricity.
   +Blink:    It lets you blink.
Missiles
 l - a throwing net
Armour
 n - an orb of light (worn)
Jewellery
 f - a ring of protection from fire (left hand)
 r - a ring of see invisible
 z - an amulet of magic regeneration (around neck)
 B - a +6 ring of dexterity (right hand)
 C - a ring of ice
Scrolls
 s - a scroll of teleportation
 t - a scroll of amnesia
 x - a scroll of blinking
 A - a scroll of summoning
Potions
 a - 2 potions of haste
 e - 2 potions of brilliance
 g - 2 potions of magic
 h - 3 potions of flight
 j - 2 potions of resistance
 m - 5 potions of curing
 u - 5 potions of might
 w - 2 potions of mutation


   Skills:
 - Level 3.0 Fighting
 - Level 3.0 Dodging
 - Level 1.5 Stealth
 - Level 3.0 Spellcasting
 - Level 3.0 Conjurations
 * Level 8.3 Ice Magic


You had 3 spell levels left.
You knew the following spells:

 Your Spells              Type           Power      Damage    Failure   Level
a - Freeze                Ice            100%       1d11      1%          1
q - Hailstorm             Conj/Ice       24%        3d7       16%         4
x - Ozocubu's Armour      Ice            34%        N/A       1%          3
z - Frozen Ramparts       Ice            68%        1d8       1%          3

Your spell library contained the following spells:

 Spells                   Type           Power      Damage    Failure   Level
 Static Discharge         Conj/Air       8%         N/A       12%         2
 Apportation              Tloc           4%         N/A       16%         1
 Sting                    Tmut/Pois      8%         1d3       16%         1
 Poisonous Vapours        Pois/Air       4%         N/A       22%         2
 Ice Form                 Ice/Tmut       18%        N/A       28%         4
 Iskenderun's Battlesphe  Conj           14%        2d7       77%         5
 Olgreb's Toxic Radiance  Pois           2%         N/A       83%         4
 Fireball                 Conj/Fire      4%         3d4       92%         5
 Lightning Bolt           Conj/Air       4%         1d15      92%         5
 Alistair's Intoxication  Tmut/Pois      1%         N/A       99%         5
 Simulacrum               Ice/Necr       9%         N/A       99%         6
 Conjure Ball Lightning   Conj/Air       4%         3x3d6     100%        6
 Orb of Destruction       Conj           7%         9d6       100%        7
 Maxwell's Capacitive Co  Air            1%         ∞         100%        8


Dungeon Overview and Level Annotations

Branches:
Dungeon (8/15)             Temple (0/1) D:5
   Lair: D:8-11

Altars:
Cheibriados
Dithmenos
Fedhas
Gozag
Ru
Trog
Uskayaw
Vehumet
Zin
The Shining One

Shops:
D:4 *


Innate Abilities, Weirdness & Mutations

You can breathe blasts of fire.
Your fiery red scales are hard. (AC +7)
You cannot fit into any form of body armour.
Your flesh is heat resistant. (rF+)
You are cold-blooded and may be slowed by cold attacks.
You cannot study or use magical devices.
You are somewhat unskilled. (-1 Apt)


Message History

The wight hits you but does no damage.
You hit the orc warrior but do no damage.
Your tail-slap misses the orc warrior.
The wall freezes the vampire mosquito.
You destroy the vampire mosquito!
The wight completely resists.
The wall freezes the wight but does no damage.
The wight misses you.
The orc warrior hits you with a +0 short sword!
You barely miss the orc warrior.
The wight resists.
The wall freezes the wight.
The wight misses you. The orc warrior barely misses you.
You hit the orc warrior but do no damage.
The orc warrior hits you with a +0 short sword.
* * * LOW HITPOINT WARNING * * *
The wight resists.
The wall freezes the wight.
The wight hits you from afar with a +0 trident of flaming.
* * * LOW HITPOINT WARNING * * *
You feel drained.
The wight resists.
The wall freezes the wight.
The wight misses you. The orc warrior completely misses you.
The heat melts your icy armour.
Your icy armour and frozen ramparts will break if you move.
Continue?
The wight resists.
The wall freezes the wight.
The wight barely misses you.
The orc warrior hits you with a +0 short sword.
* * * LOW HITPOINT WARNING * * *
You focus your inner power and blind the orc warrior in retribution!
The frozen ramparts melt away.
You climb upwards.
Your icy armour cracks and falls away as you move.
There is a stone staircase leading down here.
Items here: )) [[.
The orc warrior is no longer blind.
The orc warrior attacks as you move away!
The orc warrior closely misses you.
Casting: Ozocubu's Armour (safe; 1% risk of failure)
Confirm with . or Enter, or press ? or * to list all spells.
Casting: Frozen Ramparts (safe; 1% risk of failure)
Press: ? - help, Dir - look around, f - activate This square is lit by a halo.
The walls around you are covered in ice.
The wall freezes the orc warrior.
The orc warrior hits you with a +0 short sword!
You die...

#########....####.#
#............# #.##
#.#######....# #.#[
#.# #.#### #..# #[#
#.#######.## #>#
#.#......## #[#
#.#.#####.##
#.#######.....###..#
#.o@.[....#.#.......
######........###.##
#.####.### #.## #.#
#.# #... #.# #.#
#### #.# #.# #'# #.#
#####.######
##.........##


You could see an orc warrior.

Vanquished Creatures
  A wyvern (D:7)
  A vampire mosquito (D:8)
  2 water moccasins
  A black bear (D:7)
  3 ice beasts
  A phantom (D:3)
  A bullfrog (D:7)
  3 necrophages
  A scorpion (D:5)
  4 wights (D:7)
  2 howler monkeys
  4 hounds
  5 jellies
  2 orc priests
  3 iguanas
  An orc wizard (D:6)
  A gnoll (D:7)
  8 adders
  2 shadow imps
  2 white imps
  An ufetubus (D:6)
  3 dart slugs
  15 orcs
  5 bats
  4 endoplasms (D:3)
  3 giant cockroaches
  6 goblins
  3 hobgoblins
  4 jackals (D:1)
  4 quokkas
  9 ball pythons
  A frilled lizard (D:1)
  10 kobolds
  3 rats
119 creatures vanquished.

Vanquished Creatures (others)
  A fungus (D:5)
  8 plants
9 creatures vanquished.

Grand Total: 128 creatures vanquished

Notes
Turn   | Place    | Note
-------+----------+-------------------------------------------
     0 | D:1      | experimilk the Draconian Ice Elementalist began the quest
                  | for the Orb.
     0 | D:1      | Reached XP level 1. HP: 14/14 MP: 3/3
   188 | D:1      | Reached XP level 2. HP: 7/20 MP: 1/5
  1842 | D:2      | Reached skill level 5 in Ice Magic
  1982 | D:2      | Reached XP level 3. HP: 26/26 MP: 3/6
  2014 | D:2      | Learned a level 3 spell: Frozen Ramparts
  2268 | D:2      | Found a faded altar of an unknown god.
  3213 | D:3      | Found a glowing silver altar of Zin.
  3519 | D:3      | Found a sacrificial altar of Ru.
  3536 | D:3      | Became a worshipper of Ru the Awakened
  3963 | D:3      | Reached XP level 4. HP: 33/33 MP: 2/7
  4115 | D:3      | Learned a level 3 spell: Ozocubu's Armour
  4712 | D:3      | Found a glowing golden altar of the Shining One.
  4742 | D:3      | Noticed a phantom
  4761 | D:3      | Killed a phantom
  4762 | D:3      | Reached skill level 6 in Ice Magic
  4762 | D:3      | Reached skill level 1 in Fighting
  4762 | D:3      | Reached XP level 5. HP: 39/40 MP: 2/8
  5439 | D:4      | Identified the +8 dagger "Deffisitru" {elec, +Blink rElec}
  5783 | D:4      | Found Votrylum's CLEARANCE SALE!.
  5791 | D:4      | Bought a potion of curing for 15 gold pieces
  5939 | D:4      | Reached XP level 6. HP: 48/48 MP: 4/9
  5955 | D:4      | Gained mutation: You cannot study or use magical devices.
                  | [Ru sacrifice]
  5955 | D:4      | Reached * piety under Ru
  5955 | D:4      | Reached ** piety under Ru
  6049 | D:4      | Found an opulent altar of Gozag.
  6106 | D:5      | Entered Level 5 of the Dungeon
  6177 | D:5      | Found a blossoming altar of Fedhas.
  6301 | D:5      | Found a staircase to the Ecumenical Temple.
  6941 | D:5      | Reached skill level 7 in Ice Magic
  6979 | D:5      | Learned a level 4 spell: Hailstorm
  7064 | D:5      | Reached skill level 1 in Conjurations
  7064 | D:5      | Your scales start taking on a fiery red colour.
  7064 | D:5      | Reduced skill Ice Magic to level 5
  7064 | D:5      | Reached XP level 7. HP: 56/56 MP: 5/11
  7064 | D:5      | Gained mutation: Your flesh is heat resistant. (rF+) [Red
                  | Draconian growth]
  7128 | D:5      | Reached skill level 6 in Ice Magic
  9083 | D:6      | Reached skill level 7 in Ice Magic
  9083 | D:6      | Reached XP level 8. HP: 63/63 MP: 5/12
 10036 | D:7      | Reached skill level 8 in Ice Magic
 10256 | D:7      | Gained mutation: You are somewhat unskilled. (-1 Apt) [Ru
                  | sacrifice]
 10256 | D:7      | Reduced skill Ice Magic to level 7
 10256 | D:7      | Reached *** piety under Ru
 10427 | D:7      | Found a snail-covered altar of Cheibriados.
 10427 | D:7      | Found a shadowy altar of Dithmenos.
 10435 | D:7      | Found a bloodstained altar of Trog.
 10437 | D:7      | Found a hide-covered altar of Uskayaw.
 10439 | D:7      | Found a radiant altar of Vehumet.
 10766 | D:8      | Noticed a cyan ugly thing
 11413 | D:7      | Reached skill level 8 in Ice Magic
 11419 | D:7      | Reached XP level 9. HP: 37/66 MP: 13/13
 11972 | D:7      | Slain by an orc warrior

Illustrated notes

Levels and vault maps discovered:
D:1:      tarquinn_simple_flora_water_c, layout_loops_corners
D:2:      layout_loops_ring, nicolae_ecumenical_oubliette,
          minmay_misc_feat_cross, minmay_cut_off
D:3:      layout_basic, tso_altar, zin_scriptorium, lemuel_tele_altar,
          moated_statue, minmay_divided_ellipse
D:4:      layout_loops_ring, general_overflow_altar, nicolae_shop_clearance
D:5:      layout_basic, fedhas_altar_3, minmay_temple_entry_statues_pillars,
          minmay_door_square
D:6:      nicolae_BIG_FREAKIN_CUBE, layout_basic
D:7:      layout_loops_ring, chequers_temple_overflow_minitemple
D:8:      cheibrodos_fzero, layout_gridville, nemelex_xobeh_ov_fountains_minmay,
          mainiacjoe_overflow_alcove_1, enter_bailey_1, serial_shops, shop,
          minmay_hedge_maze, kennysheep_another_room

Skill      XL: |  1  2  3  4  5  6  7  8 |
---------------+-------------------------+-----
Ice Magic      | 5 6 5 7 8 |  8.3
Fighting       | 1 2 3 3 |  3.0
Dodging        | 2 3 3 |  3.0
Spellcasting   | 3 3 |  3.0
Conjurations   | 1 3 3 |  3.0
Stealth        | |  1.5

Action                   |  1- 3 |  4- 6 |  7- 9 || total
-------------------------+-------+-------+-------++-------
Melee: Dagger            |    20 |       |       ||    20
       Tailslap          |     2 |    12 |    13 ||    27
       Trident           |     9 |    37 |    86 ||   132
       Spear             |     1 |       |       ||     1
 Cast: Freeze            |    44 |    12 |    14 ||    70
       Frozen Ramparts   |    15 |    25 |    39 ||    79
       Ozocubu's Armour  |       |    20 |    28 ||    48
       Hailstorm         |       |     1 |    11 ||    12
Invok: Sacrifice Artific |       |     1 |       ||     1
       Sacrifice Skill   |       |       |     1 ||     1
 Abil: Breathe Fire      |       |       |     4 ||     4
  Use: Potion            |     1 |       |     1 ||     2
       Scroll            |     2 |     3 |    15 ||    20
 Stab: Distracted        |       |       |     1 ||     1
Armor: Skin              |    11 |    19 |    38 ||    68
Dodge: Dodged            |    39 |    19 |    96 ||   154

Table legend: (Time is in decaauts)
 A = Elapsed time spent in this place.
 B = Non-inter-level travel time spent in this place.
 C = Inter-level travel time spent in this place.
 D = Time resting spent in this place.
 E = Time spent auto-exploring this place.
 F = Levels seen in this place.
 G = Mean time per level.
                   A        B        C        D        E       F      G
               +--------+--------+--------+--------+--------+-----+--------+
         Total |  12021 |  11639 |    382 |   6163 |   3503 |   8 | 1502.6 |
       Dungeon |  12021 |  11639 |    382 |   6163 |   3503 |   8 | 1502.6 |
               +--------+--------+--------+--------+--------+-----+--------+

Top non-repeatable levels by time:
     D:7: 2408 daAuts
     D:3: 2004 daAuts
     D:5: 1966 daAuts
     D:1: 1655 daAuts
     D:2: 1508 daAuts
     D:6: 1492 daAuts
     D:4: 946 daAuts
     D:8: 40 daAuts
